[Event "Grand Chess Tour | Sinquefield Cup 2023"]
[Site "St Louis USA"]
[Date "2023.11.21"]
[Round "1"]
[White "Dominguez Perez, Leinier"]
[Black "Caruana, Fabiano"]
[Result "1/2-1/2"]
[WhiteElo "2745"]
[BlackElo "2795"]
[ECO "B90"]
[EventDate "2023.??.??"]
[Annotator "rafael"]
[PlyCount "129"]
[Beauty "4880848656905"]
[EventCountry "USA"]
[TimeControl "40/5400+30:1800+30"]

1.e4 c5 2.Nf3 d6 3.d4 cxd4 4.Nxd4 Nf6 5.Nc3 a6 6.f3 e5 7.Nb3 Be6 8.Be3 Be7 9.Qd2 h5 {When I was a child, I studied the Najdorf Defense to the point that I almost memorized the fantastic book \"The Najdorf for the Tournament Player\" by John Nunn. Back then, this type of move, moving a pawn on the side that your opponent is going to attack, was unthinkable. But chess strategy advances and each generation learns something new. The move h7-h5 has become one of Black's main options against the English Attack and the idea was even carried over to other variations of the Sicilian Defense.} 10.Nd5 Nxd5 11.exd5 Bf5 12.Be2 a5 {It's not a very pretty move, but this is part of the Najdorf players' arsenal, played in several similar positions.} ( 12...Bh4+ {was played twice against Dominguez this year.} 13.g3 Be7 14.O-O-O Nd7 15.Kb1 Rc8 16.Rc1 {Both games arrived at this position.} 16...O-O ( 16...Nb6 $6 17.Na5 $1 Qc7 18.Ka1 Bd8 19.c4 Nxd5 20.Qxd5 Qxa5 21.Qxb7 O-O 22.Rhd1 {With a clear advantage for White in Dominguez Perez-Perez Ponsa, Airthings Masters Chess.com rapid 2023.} ) 17.Ka1 {White can play c4 and also g4 later. I prefer his position, although the game is complicated: Dominguez Perez-Le, Aimchess Rapid Chess.com 2023.} ) 13.a4 Bh4+ 14.g3 Be7 {This position has been tested in many correspondence games. The idea of inserting a5-a4 is, I imagine, to prevent the white knight jumping to a5.} 15.Bb5+ ( 15.Bd3 {is also popular.} ) 15...Bd7 16.Qe2 O-O 17.Nd2 $1 {[%c_effect d2;square;d2;type;GreatFind;persistent;true] An important move to reposition the knight at the best moment.} ( 17.O-O-O Bxb5 18.Qxb5 Qd7 {Black is fine.} ) 17...Bxb5 18.Qxb5 Bg5 ( 18...Qd7 $2 {[%c_effect d7;square;d7;type;Mistake;persistent;true] Black has no time for this move anymore, since after} 19.Nc4 $1 {[%c_effect c4;square;c4;type;GreatFind;persistent;true] White's idea becomes clear.} ) 19.Bxg5 Qxg5 20.O-O-O Rc8 21.Kb1 {When in doubt, play Kb1.} ( 21.Qxb7 $2 {[%c_effect b7;square;b7;type;Mistake;persistent;true] Of course you don't face the Sicilian with the intention of capturing this type of pawn.} 21...Na6 ) 21...Na6 {A new move. It's redundant to say that Caruana is well-prepared.} ( 21...Qe7 22.f4 Qc7 23.Rc1 Nd7 24.fxe5 Nxe5 25.Qe2 Qc5 {later ended in a draw in Hild-Baranowski, EU-ch 2020 ICCF email.} ) 22.Ne4 Qd8 23.f4 Nc5 24.Rhe1 Nxe4 25.Rxe4 f5 $1 26.Re3 e4 {The last moves from both sides were very logical.} 27.Qe2 ( 27.g4 {This move is a critical idea that must be analyzed on every move for White. Here it still doesn't work well after} 27...Qh4 $1 ( 27...hxg4 28.h3 {with a dangerous attack on the kingside. This is the idea behind the pawn sac with g4.} ) 28.gxf5 Qxh2 {With equal chances.} ) 27...Qd7 $1 {[%c_effect d7;square;d7;type;GreatFind;persistent;true] A very accurate move and the only one to equalize. Black should not passively defend the h5-pawn.} ( 27...g6 $2 {[%c_effect g6;square;g6;type;Mistake;persistent;true] leads to tragedy after} 28.g4 $1 hxg4 29.h3 {The computer already considers the attack winning.} ) ( 27...Qe8 $2 28.g4 $1 {[%c_effect g4;square;g4;type;GreatFind;persistent;true] There's a big difference between the placement of the queen on d7 or e8.} 28...hxg4 ( 28...fxg4 29.Rxe4 {This is the problem: the queen is badly-placed.} ) 29.h3 {With a strong attack.} ) 28.Qxh5 ( 28.b3 {Black must be fast, before White can stabilize the position with c2-c4 and play g4.} 28...Qc7 $1 {[%c_effect c7;square;c7;type;GreatFind;persistent;true] With the idea of playing b5 now that the white queen is unable to capture the pawn.} 29.c4 Qb6 30.Ka2 Qb4 $5 ( 30...Rc7 {is also possible.} ) 31.Qxh5 b5 $1 {[%c_effect b5;square;b5;type;GreatFind;persistent;true] Black is in time. The game ends in perpetual check after} 32.Qxf5 bxc4 33.Qe6+ Kh8 34.Qh3+ ) ( 28.g4 fxg4 $1 {[%c_effect g4;square;g4;type;GreatFind;persistent;true] This is the big difference.} 29.Rxe4 Rf8 {With a fine position for Black.} ) 28...Qxa4 29.Rd2 Rf8 $6 {[%c_effect f8;square;f8;type;Inaccuracy;persistent;true] This is inaccurate.} ( 29...Qb5 {is better, with a probable draw:} 30.Qxf5 Qf1+ 31.Ka2 Qc4+ ) 30.g4 $1 Qe8 31.Qg5 Qd8 32.Qh5 ( 32.gxf5 $1 {[%c_effect f5;square;f5;type;GreatFind;persistent;true] is the best move.} 32...Qxg5 33.fxg5 Rxf5 34.Rxe4 Rxg5 35.Re7 {With an unpleasant defense ahead for Black.} ) 32...Qe8 ( 32...Qf6 {is indicated by the machine, with the idea} 33.g5 g6 $1 {[%c_effect g6;square;g6;type;GreatFind;persistent;true] with equality.} ) 33.Qh3 ( 33.Qg5 ) 33...Qg6 34.Rg2 Qh7 35.Qxh7+ {Keeping the queens on the board is also possible, but it doesn't guarantee White any special advantage.} ( 35.Qg3 Rf7 ) 35...Kxh7 36.gxf5 Rxf5 37.Rxe4 Raf8 38.Rg4 ( 38.Re7 {is met by} 38...R8f7 ) 38...b5 $1 {[%c_effect b5;square;b5;type;GreatFind;persistent;true] It's important to prevent c2-c4.} ( 38...Rxd5 $2 39.Re7 ) 39.b3 b4 {Black finally manages to equalize the game.} 40.Rd4 {It's clear that such a move is harmless, but there's no adequate winning attempt.} ( 40.Re6 R8f6 ) ( 40.Re7 R8f7 ) 40...Rh5 41.h4 Rf6 42.Re4 Rxd5 43.Rg5 Rdf5 {Everything leads to a draw.} ( 43...Rxg5 44.hxg5 Rf5 ) ( 43...Rd1+ 44.Kb2 Rf1 45.Re7 Rg6 ) 44.Re7 Rxg5 ( 44...Rf7 {is also equal.} ) 45.fxg5 Rf4 46.h5 {An interesting drawing variation occurs after:} ( 46.Rd7 Rxh4 47.Rxd6 Rg4 48.Rd5 Kg6 49.Rxa5 Rxg5 50.Rxg5+ Kxg5 51.c3 bxc3 52.b4 Kf4 53.b5 Ke5 54.Kc2 {and the pawns will soon be exchanged.} ) 46...Rf5 47.h6 Rxg5 48.hxg7 Rxg7 49.Re1 {White ends up a pawn down, but this is temporary. His active rook ensures that the material will be recovered.} 49...Rg5 ( 49...d5 50.Rd1 Rd7 51.Kb2 Kg6 52.Ra1 Ra7 53.Rd1 Rd7 {with a draw.} ) 50.Rd1 d5 51.Re1 $1 Kg7 52.Re6 Kf7 53.Ra6 d4 54.Rd6 Rg1+ 55.Kb2 Rd1 56.Rd5 d3 57.cxd3 ( 57.Rxd3 {Even this move is a clear draw.} 57...Rxd3 58.cxd3 Ke6 59.Kc2 Kd5 60.Kd2 {Let's play a bad move for White, just for curiosity's sake. Is Black winning now $2} 60...Kd4 61.Kc2 Ke3 62.d4 $1 Kxd4 63.Kd2 {No. It's still a draw.} ) 57...Ke6 58.Rxa5 Rd2+ 59.Kc1 Rxd3 60.Ra4 Rxb3 61.Kc2 Rc3+ 62.Kb2 Rc4 63.Kb3 Rd4 64.Rxb4 Rxb4+ 65.Kxb4 1/2-1/2

[Event "Grand Chess Tour | Sinquefield Cup 2023"]
[Site "St Louis USA"]
[Date "2023.11.22"]
[Round "2"]
[White "Nepomniachtchi, Ian"]
[Black "Dominguez Perez, Leinier"]
[Result "1/2-1/2"]
[WhiteElo "2771"]
[BlackElo "2745"]
[ECO "A34"]
[EventDate "2023.??.??"]
[Annotator "rafael"]
[PlyCount "174"]
[Beauty "3986824378892"]
[EventCountry "USA"]
[TimeControl "40/5400+30:1800+30"]

1.c4 c5 2.Nf3 Nf6 3.Nc3 Nc6 4.g3 d5 5.cxd5 Nxd5 6.Bg2 g6 7.Ne4 $5 {[%c_effect e4;square;e4;type;Interesting;persistent;true] An interesting idea, played in a few games, but almost all at the highest level. Dominguez already knew it from a blitz game played in 2016.} 7...c4 ( 7...Qb6 8.O-O Bg7 9.d3 {was played in Ding-Dominguez, China Elite Mind Blitz, Huaian 2016. White's idea could be to exploit the not very comfortable queen position on b6 with the Nd2-c4 maneuver or to attack the c5-pawn with Qc2.} ( 9.Qc2 $5 Bf5 10.d3 Bxe4 11.dxe4 Ndb4 12.Qb1 {with an interesting and unbalanced position.} ) ) ( 7...b6 $6 {[%c_effect b6;square;b6;type;Inaccuracy;persistent;true] Here White's idea is made clear after} 8.d4 $1 ) ( 7...e5 {is possible, but after} 8.d3 f5 9.Nc3 {Black has to suffer the consequences of excessive pawn advances.} ) 8.Qc2 b5 ( 8...f5 {is also possible. A blitz game continued:} 9.Nc3 Bg7 10.Nxd5 Qxd5 11.O-O O-O 12.d3 cxd3 13.exd3 {with chances for both sides in Svane-Vidit, Titled Tuesday Chess.com 2020.} ) 9.b3 {White tries to break up the pawn structure, but Black has resources of his own.} 9...Bg7 10.Bb2 Ndb4 11.Qc1 Bxb2 12.Qxb2 O-O 13.O-O {A new move. White quickly went downhill in the only game played before, which went} ( 13.a3 Bf5 $1 14.Nh4 $2 Qd4 $1 {[%c_effect d4;square;d4;type;GreatFind;persistent;true] with a winning position for Black: Firouzja-Erigaisi, Airthings Masters Rapid 2023.} ) 13...Rb8 14.a3 Bf5 $1 15.Nh4 Bxe4 16.Bxe4 Nd5 17.bxc4 {This exchange helps Black, as the rook on b8 becomes active. It is more prudent to start with} ( 17.Nf3 {since after} 17...Na5 {White can play} 18.b4 ) 17...bxc4 18.Qc2 Na5 {Nepomniachtchi's opening experiment was clearly unsuccessful.} 19.Rab1 Nf6 20.Bg2 Qd6 ( 20...Rb3 $1 {[%c_effect b3;square;b3;type;GreatFind;persistent;true] is unpleasant to face. If White captures the rook, the b3-pawn becomes dangerous. Otherwise Black plays ...Qb6 and takes control of the b-file.} 21.Nf3 ( 21.Rxb3 cxb3 ) 21...Qb6 ) 21.Nf3 Rxb1 ( 21...Rb3 {is again interesting.} ) 22.Rxb1 Qxa3 23.Nd4 ( 23.Ne5 {It seems that White has enough compensation to make a draw after this move, for example:} 23...Rc8 24.Qc3 Qxc3 25.dxc3 ) 23...Rc8 24.h3 {A somewhat mysterious move, but it gives air to the king and may be speculating on g3-g4 in future.} ( 24.Qc3 {is possible again:} 24...Qxc3 25.dxc3 {with enough play for a draw.} ) 24...e5 25.Nb5 Qc5 26.Qa4 Nb3 27.Qa6 $1 ( 27.Nxa7 {is natural, but doesn't solve all the problems:} 27...Rc7 ( 27...Nxd2 {is bad due to} 28.Rb5 $1 ) ( 27...Rd8 {is also possible.} ) 28.Nb5 Nxd2 29.Nxc7 Nxb1 {with winning chances for Black.} ) 27...Rb8 $6 {[%c_effect b8;square;b8;type;Inaccuracy;persistent;true] This move allows White to capture the c-pawn.} ( 27...Kg7 {is better. White still has to defend a long endgame after} 28.Nd6 Rd8 29.Nxc4 ( 29.Nb7 $2 {[%c_effect b7;square;b7;type;Mistake;persistent;true] loses to} 29...Qc8 $1 ) 29...Nxd2 30.Nxd2 Rxd2 31.Ra1 ) 28.Na3 $1 Kg7 29.Nxc4 Rb4 30.Ne3 ( 30.d3 {leads to a draw.} 30...e4 ( 30...Nd4 31.Rxb4 Qxb4 ) ) 30...e4 {Black starts to get into trouble after this move, which opens the a1-h8 diagonal.} ( 30...Nxd2 $2 {[%c_effect d2;square;d2;type;Mistake;persistent;true] loses a piece after} 31.Rxb4 Qxb4 32.Qxf6+ $1 Kxf6 33.Nd5+ ) ( 30...Rb5 {is the best way to make a draw.} ) 31.Qa3 $1 Qb6 32.d3 ( 32.g4 $5 {[%c_effect g4;square;g4;type;Interesting;persistent;true] creates some serious practical chances. Black has to play very accurately to survive.} 32...h6 $1 33.h4 Rb5 $1 34.g5 hxg5 35.hxg5 Ne8 36.Nc4 Qb8 $1 37.Qe7 {Even after playing all those forced moves, Black still has problems to solve.} ) 32...exd3 33.exd3 a5 $1 {[%c_effect a5;square;a5;type;GreatFind;persistent;true] It's necessary to protect the rook on b4, even though this loses a pawn.} 34.Nc4 Qb5 35.Nxa5 $1 Ra4 36.Qxb3 Qxa5 {Who would have imagined that after suffering so much in the opening and middlegame, White would achieve an endgame with an extra pawn $2 It should be drawn without any major problems, it's true, but I have the impression that this residual memory affected the remaining play, since they both made more mistakes than expected.} 37.Qb5 Qa7 ( 37...Qxb5 38.Rxb5 Rd4 39.Bf1 h5 $1 {[%c_effect h5;square;h5;type;GreatFind;persistent;true] The computer is very confident that Black will make a draw here, although I'd still be worried.} ) 38.Qe5 Ra5 39.Qe3 Qc7 40.d4 {White manages to advance the pawn. The evaluation of the game won't change for a long time. Let's fast forward to a critical moment.} 40...Ra7 41.Rc1 Qd8 42.d5 Rd7 43.Qd4 Kg8 44.Rc5 Ne8 $1 {[%c_effect e8;square;e8;type;GreatFind;persistent;true] The knight is known as an excellent blockader.} 45.Rc6 Qe7 46.Bf3 Nd6 47.Kg2 Rd8 48.h4 h5 49.Ra6 Nf5 50.Qa1 Rd6 51.Ra8+ Rd8 52.Ra2 Qd6 53.Be4 Re8 54.Ra8 Ng7 55.Ra6 Qe7 56.Bd3 Rd8 57.Ra7 {Here the drama begins again.} 57...Rd7 $2 ( 57...Qd6 {is necessary, with excellent drawing chances.} ) 58.Rxd7 Qxd7 59.Qa8+ {The important detail is that the white queen can use the c6-square as support.} 59...Qe8 ( 59...Kh7 60.Qc6 $1 {[%c_effect c6;square;c6;type;GreatFind;persistent;true] followed by the advance of the pawn.} ) ( 59...Ne8 60.Bc2 $1 {[%c_effect c2;square;c2;type;GreatFind;persistent;true] This nice move, with the idea of Ba4, wins.} ) 60.Qc6 $2 ( 60.Qxe8+ {The bishop-versus-knight endgame is winning. This surprised me at first, as I thought a defense would be possible with the knight blocking the pawn on d6 and the h-pawn's queening square a different color from the bishop. But the computer relentlessly shows victory.} 60...Nxe8 61.Kf3 Nd6 62.Kf4 Kf8 63.f3 $1 Nb7 64.g4 hxg4 65.fxg4 Nd6 66.Ke5 Ke7 67.Kd4 {Kc5 will follow, and Black is unable to sustain the defense.} ) 60...Kf8 61.Qc5+ Kg8 62.d6 Qa8+ 63.Kg1 Qa1+ 64.Kg2 ( 64.Kh2 $1 {[%c_effect h2;square;h2;type;GreatFind;persistent;true] is better, retaining some winning chances after} 64...Ne6 65.Qd5 ) 64...Qa8+ 65.Kh2 Ne6 66.Qc4 Qa7 $2 ( 66...Qf3 $1 {[%c_effect f3;square;f3;type;GreatFind;persistent;true] Black has a pretty draw after this move.} 67.Kg1 Qd1+ 68.Kg2 Nf4+ $3 {[%c_effect f4;square;f4;type;Brilliant;persistent;true] This is the point.} 69.Qxf4 ( 69.gxf4 Qg4+ {with perpetual check.} ) 69...Qxd3 {The queen endgame is drawn since White's king cannot easily escape from the checks.} ) 67.Kg2 Qd4 68.Qxd4 Nxd4 69.d7 $2 {[%c_effect d7;square;d7;type;Mistake;persistent;true] After this mistake, Black is able to escape.} ( 69.f4 $1 {[%c_effect f4;square;f4;type;GreatFind;persistent;true] is the right way, preparing Kf2-e3. Play may continue:} 69...Kf8 70.Kf2 Ke8 71.Ke3 Ne6 72.Bb5+ $1 Kf8 73.Ke4 {with a winning position for White.} ) 69...Nc6 70.Bb5 Nd8 71.Kf3 Kf8 72.Ke4 Ke7 73.f4 Ne6 {The knight performs miracles and saves Black.} 74.Bc6 Kd6 75.Ba4 Nc5+ 76.Kd4 Nxd7 77.Bxd7 Kxd7 78.f5 Ke7 79.Ke5 f6+ 80.Kf4 gxf5 81.Kxf5 Kf7 82.Kf4 Ke6 83.g4 hxg4 84.Kxg4 Kf7 85.Kf5 Kg7 86.h5 Kh6 87.Kxf6 Kxh5 1/2-1/2